% Time on Ice - WINNIPEG BEAVERS
Lines # - Real PCT - Wanted PCT - Time Play
Normal Forward
1 - 34% - 35% - 16:00
2 - 29% - 33% - 13:49
3 - 27% - 26% - 12:33
4 - 10% - 6% - 4:35
Normal Defense
1 - 37% - 34% - 17:13
2 - 33% - 33% - 15:25
3 - 30% - 28% - 14:01
4 - 1% - 5% - 0:18
PP Forward
1 - 37% - 52% - 1:49
2 - 63% - 48% - 3:03
PP Defense
1 - 63% - 51% - 3:03
2 - 37% - 49% - 1:49
PK Forward
1 - 49% - 50% - 2:05
2 - 51% - 50% - 2:08
PK Defense
1 - 45% - 50% - 1:55
2 - 55% - 50% - 2:18
PK3 Forward
1 - 58% - 53% - 1:00
2 - 42% - 47% - 0:44
PK3 Defense
1 - 48% - 50% - 0:50
2 - 52% - 50% - 0:54
44 Forward
1 - 56% - 50% - 1:15
2 - 44% - 50% - 0:59
44 Defense
1 - 67% - 50% - 1:30
2 - 33% - 50% - 0:44
Last Minute Offensive  - 0:00
Last Minute Defensive  - 0:00
Total
Forward - 60:00
Defense - 60:00
% Time on Ice - ANCHORAGE ACES
Lines # - Real PCT - Wanted PCT - Time Play
Normal Forward
1 - 32% - 34% - 15:09
2 - 34% - 32% - 16:08
3 - 21% - 22% - 10:00
4 - 12% - 12% - 5:40
Normal Defense
1 - 37% - 36% - 17:22
2 - 35% - 34% - 16:23
3 - 25% - 22% - 11:39
4 - 3% - 8% - 1:33
PP Forward
1 - 67% - 50% - 3:25
2 - 33% - 50% - 1:42
PP Defense
1 - 36% - 50% - 1:51
2 - 64% - 50% - 3:16
PK Forward
1 - 61% - 50% - 2:58
2 - 39% - 50% - 1:54
PK Defense
1 - 37% - 50% - 1:48
2 - 63% - 50% - 3:04
PK3 Forward
1 - 0% - 55%
2 - 0% - 45%
PK3 Defense
1 - 0% - 55%
2 - 0% - 45%
44 Forward
1 - 36% - 50% - 1:07
2 - 64% - 50% - 1:57
44 Defense
1 - 63% - 55% - 1:56
2 - 37% - 45% - 1:08
Last Minute Offensive  - 0:00
Last Minute Defensive  - 0:00
Total
Forward - 60:00
Defense - 60:00
Play-by-Play 1st period 0:01 of 1st period - Sam Bennett wins face-off versus Connor McDavid in neutral zone. 0:08 of 1st period - Shot by Alexander DeBrincat. 0:08 of 1st period - Stopped by Darcy Kuemper without a rebound. 0:09 of 1st period - Sean Kuraly wins face-off versus Jonathan Audy-Marchessault in ANCHORAGE ACES zone. 0:16 of 1st period - Shot by Tom Wilson. 0:16 of 1st period - Stopped by Darcy Kuemper with a rebound. 0:34 of 1st period - Shot by Jonathan Audy-Marchessault. 0:34 of 1st period - Stopped by Braden Holtby without a rebound. 0:35 of 1st period - Joshua Norris wins face-off versus Alexander Kerfoot in WINNIPEG BEAVERS zone. 1:07 of 1st period - Minor Penalty to John Klingberg for Boarding. 1:07 of 1st period - Minor Penalty to Alexander Kerfoot for Tripping. 1:08 of 1st period - Sam Bennett wins face-off versus Connor McDavid in ANCHORAGE ACES zone. 1:08 of 1st period - Sam Bennett is hit by Alex Goligoski. 1:22 of 1st period - Shot by Sam Bennett. 1:22 of 1st period - Stopped by Darcy Kuemper with a rebound. 2:17 of 1st period - Icing by Ryan Pulock. 2:18 of 1st period - Nathan MacKinnon wins face-off versus Tom Wilson in ANCHORAGE ACES zone. 2:18 of 1st period - Nathan MacKinnon is hit by Tom Wilson. 2:42 of 1st period - Off-side. 2:43 of 1st period - Nathan MacKinnon wins face-off versus Sam Bennett in neutral zone. 3:29 of 1st period - Shot by Ryan Lomberg. 3:29 of 1st period - Shot Misses the Net. 4:50 of 1st period - Icing by Chris Wideman. 4:51 of 1st period - Connor McDavid wins face-off versus Alexander Kerfoot in WINNIPEG BEAVERS zone. 4:58 of 1st period - Shot by Connor McDavid. 4:58 of 1st period - Shot Misses the Net. 5:14 of 1st period - Shot by Connor McDavid. 5:14 of 1st period - Goal by Connor McDavid - WINNIPEG BEAVERS : 0 - ANCHORAGE ACES : 1. 5:15 of 1st period - Sam Bennett wins face-off versus Phillip Danault in neutral zone. 5:42 of 1st period - Shot by Chris Kreider. 5:42 of 1st period - Stopped by Braden Holtby without a rebound. 5:43 of 1st period - Sean Kuraly wins face-off versus Nathan MacKinnon in WINNIPEG BEAVERS zone. 5:43 of 1st period - Sean Kuraly is hit by Nathan MacKinnon. 5:56 of 1st period - Ondrej Palat is hit by Seth Jones and loses puck. 6:19 of 1st period - Shot by Tom Wilson. 6:19 of 1st period - Deflect By Ondrej Palat. 6:19 of 1st period - Shot Blocked by Seth Jones. 6:21 of 1st period - Shot by Sean Kuraly. 6:21 of 1st period - Shot Misses the Net. 6:23 of 1st period - Shot by Tom Wilson. 6:23 of 1st period - Stopped by Darcy Kuemper without a rebound. 6:24 of 1st period - Phillip Danault wins face-off versus Brandon Tanev in ANCHORAGE ACES zone. 6:24 of 1st period - Phillip Danault is hit by Sam Bennett. 7:25 of 1st period - Shot by Joshua Norris. 7:25 of 1st period - Stopped by Braden Holtby without a rebound. 7:26 of 1st period - Connor McDavid wins face-off versus Sean Kuraly in WINNIPEG BEAVERS zone. 7:28 of 1st period - Nikolaj Ehlers is hit by Carson Soucy and loses puck. 7:31 of 1st period - Shot by Connor McDavid. 7:31 of 1st period - Shot Blocked by Rasmus Ristolainen. 7:33 of 1st period - Shot by Nikolaj Ehlers. 7:33 of 1st period - Stopped by Braden Holtby with a rebound. 7:35 of 1st period - Shot by Connor McDavid. 7:35 of 1st period - Stopped by Braden Holtby without a rebound. 7:36 of 1st period - Sean Kuraly wins face-off versus Connor McDavid in WINNIPEG BEAVERS zone. 7:40 of 1st period - Icing by Ondrej Palat. 7:41 of 1st period - Ondrej Palat wins face-off versus Connor McDavid in WINNIPEG BEAVERS zone. 7:41 of 1st period - Ondrej Palat is hit by Connor McDavid. 7:59 of 1st period - Shot by Ondrej Palat. 7:59 of 1st period - Stopped by Darcy Kuemper without a rebound. 8:00 of 1st period - Joe Thornton wins face-off versus Phillip Danault in ANCHORAGE ACES zone. 8:13 of 1st period - Minor Penalty to Rasmus Ristolainen for Hooking. 8:14 of 1st period - Sam Bennett wins face-off versus Connor McDavid in WINNIPEG BEAVERS zone. 9:17 of 1st period - Off-side. 9:18 of 1st period - Erik Haula wins face-off versus Ondrej Palat in neutral zone. 9:31 of 1st period - Shot by Jonathan Audy-Marchessault. 9:31 of 1st period - Shot Blocked by Corey Schueneman. 9:33 of 1st period - Shot by Jonathan Audy-Marchessault. 9:33 of 1st period - Stopped by Braden Holtby with a rebound. 9:53 of 1st period - Shot by Joshua Norris. 9:53 of 1st period - Shot Misses the Net. 9:55 of 1st period - Shot by Joshua Norris. 9:55 of 1st period - Shot Misses the Net. 10:42 of 1st period - Shot by Steven Lorentz. 10:42 of 1st period - Stopped by Darcy Kuemper with a rebound. 10:47 of 1st period - Joe Thornton is hit by Alex Goligoski. 11:29 of 1st period - Shot by Nikolaj Ehlers. 11:29 of 1st period - Stopped by Braden Holtby without a rebound. 11:30 of 1st period - Sam Bennett wins face-off versus Phillip Danault in WINNIPEG BEAVERS zone. 11:40 of 1st period - Jonathan Audy-Marchessault is hit by Brandon Tanev and loses puck. 11:46 of 1st period - Shot by Chris Kreider. 11:46 of 1st period - Stopped by Braden Holtby without a rebound. 11:47 of 1st period - Sean Kuraly wins face-off versus Connor McDavid in WINNIPEG BEAVERS zone. 12:04 of 1st period - Shot by Tom Wilson. 12:04 of 1st period - Shot Misses the Net. 12:57 of 1st period - Shot by Sam Bennett. 12:57 of 1st period - Shot Blocked by Chris Kreider. 12:59 of 1st period - Shot by Sam Bennett. 12:59 of 1st period - Deflect By Alexander DeBrincat. 12:59 of 1st period - Shot Misses the Net. 13:01 of 1st period - Shot by Alexander DeBrincat. 13:01 of 1st period - Shot Misses the Net. 13:03 of 1st period - Shot by Brandon Tanev. 13:03 of 1st period - Shot Misses the Net. 13:05 of 1st period - Shot by Brandon Tanev. 13:05 of 1st period - Shot Blocked by Jack Johnson. 13:09 of 1st period - Shot by Sam Bennett. 13:09 of 1st period - Stopped by Darcy Kuemper without a rebound. 13:10 of 1st period - Joshua Norris wins face-off versus Alexander Kerfoot in ANCHORAGE ACES zone. 13:10 of 1st period - Joshua Norris is hit by Alexander Kerfoot. 13:53 of 1st period - Off-side. 13:54 of 1st period - Phillip Danault wins face-off versus Sam Bennett in neutral zone. 13:57 of 1st period - Brandon Tanev is hit by Jonathan Audy-Marchessault and loses puck. 14:08 of 1st period - Shot by Brandon Tanev. 14:08 of 1st period - Stopped by Darcy Kuemper with a rebound. 14:10 of 1st period - Shot by Brandon Tanev. 14:10 of 1st period - Stopped by Darcy Kuemper without a rebound. 14:11 of 1st period - Nikolaj Ehlers wins face-off versus Tom Wilson in ANCHORAGE ACES zone. 14:11 of 1st period - Nikolaj Ehlers is hit by Tom Wilson. 14:17 of 1st period - Shot by Nathan MacKinnon. 14:17 of 1st period - Stopped by Braden Holtby without a rebound. 14:18 of 1st period - Sam Bennett wins face-off versus Connor McDavid in WINNIPEG BEAVERS zone. 14:49 of 1st period - Shot by Connor McDavid. 14:49 of 1st period - Stopped by Braden Holtby without a rebound. 14:50 of 1st period - Phillip Danault wins face-off versus Sean Kuraly in WINNIPEG BEAVERS zone. 14:51 of 1st period - Shot by Jonathan Audy-Marchessault. 14:51 of 1st period - Stopped by Braden Holtby without a rebound. 14:52 of 1st period - Sean Kuraly wins face-off versus Phillip Danault in WINNIPEG BEAVERS zone. 14:52 of 1st period - Sean Kuraly is hit by Jonathan Audy-Marchessault. 15:06 of 1st period - Shot by Sean Kuraly. 15:06 of 1st period - Shot Blocked by Seth Jones. 15:20 of 1st period - Shot by Ondrej Palat. 15:20 of 1st period - Stopped by Darcy Kuemper without a rebound. 15:21 of 1st period - Connor McDavid wins face-off versus Sam Bennett in ANCHORAGE ACES zone. 15:26 of 1st period - Sam Bennett is hit by Nathan MacKinnon and loses puck. 15:35 of 1st period - Shot by Alexander DeBrincat. 15:35 of 1st period - Shot Misses the Net. 15:45 of 1st period - Connor McDavid is hit by Brandon Tanev and loses puck. 15:55 of 1st period - Nikolaj Ehlers is hit by Rasmus Ristolainen and loses puck. 15:58 of 1st period - Shot by Nikolaj Ehlers. 15:58 of 1st period - Stopped by Braden Holtby without a rebound. 15:59 of 1st period - Phillip Danault wins face-off versus Sean Kuraly in WINNIPEG BEAVERS zone. 15:59 of 1st period - Minor Penalty to Chris Tanev for Tripping. 16:00 of 1st period - Sean Kuraly wins face-off versus Erik Haula in WINNIPEG BEAVERS zone. 16:19 of 1st period - Shot by Erik Haula. 16:19 of 1st period - Stopped by Braden Holtby without a rebound. 16:20 of 1st period - Ondrej Palat wins face-off versus Connor McDavid in WINNIPEG BEAVERS zone. 17:48 of 1st period - Icing by Chris Kreider. 17:49 of 1st period - Erik Haula wins face-off versus Sean Kuraly in ANCHORAGE ACES zone. 18:28 of 1st period - Icing by Alex Goligoski. 18:29 of 1st period - Alexander DeBrincat wins face-off versus Andrew Ladd in ANCHORAGE ACES zone. 19:51 of 1st period - Icing by Tom Wilson. 19:52 of 1st period - Sean Kuraly wins face-off versus Connor McDavid in WINNIPEG BEAVERS zone. Goals for this period are 0 for WINNIPEG BEAVERS vs 1 for ANCHORAGE ACES. Shots for this period are 10 for WINNIPEG BEAVERS vs 14 for ANCHORAGE ACES. 2nd period 0:01 of 2nd period - Phillip Danault wins face-off versus Sean Kuraly in neutral zone. 0:20 of 2nd period - Ryan Pulock is hit by Tom Wilson and loses puck. 0:24 of 2nd period - Minor Penalty to Jani Hakanpaa for Cross-checking. 0:25 of 2nd period - Sam Bennett wins face-off versus Connor McDavid in ANCHORAGE ACES zone. 0:49 of 2nd period - Off-side. 0:50 of 2nd period - Erik Haula wins face-off versus Sean Kuraly in neutral zone. 1:07 of 2nd period - Shot by Rasmus Ristolainen. 1:07 of 2nd period - Shot Blocked by Connor McDavid. 1:09 of 2nd period - Shot by Alexander Kerfoot. 1:09 of 2nd period - Shot Misses the Net. 2:28 of 2nd period - Icing by Alex Goligoski. 2:29 of 2nd period - Phillip Danault wins face-off versus Joe Thornton in ANCHORAGE ACES zone. 3:27 of 2nd period - Shot by Alexander Kerfoot. 3:27 of 2nd period - Deflect By Tyler Ennis. 3:27 of 2nd period - Shot Misses the Net. 3:29 of 2nd period - Shot by Alexander Radulov.